 Dungeon Crawl Stone Soup version 0.28.0-53-g5a82cb258f (webtiles) character file.

Game seed: 17285707613268808766

77 MacFhionnlaigh the Covered (level 4, -1/40 HPs)
             Began as a Minotaur Fighter on July 6, 2022.
             Slain by Natasha (3 damage)
             ... on level 2 of the Dungeon.
             The game lasted 00:13:13 (942 turns).

MacFhionnlaigh the Covered (Minotaur Fighter)        Turns: 942, Time: 00:13:14

Health: -1/40      AC:  7    Str: 23    XL:     4   Next: 13%
Magic:  3/3        EV:  9    Int:  5    God:
Gold:   60         SH:  4    Dex:  9    Spells: 3/3 levels left

rFire   . . .      SeeInvis .   a - +0 war axe
rCold   . . .      Faith    .   c - +0 buckler
rNeg    . . .      Spirit   .   b - +0 scale mail
rPois   .          Reflect  .   (helmet restricted)
rElec   .          Harm     .   (no cloak)
rCorr   .          Rampage  .   (no gloves)
Will    .....                   (no boots)
Stlth   ..........              (no amulet)
HPRegen 0.13/turn               (no ring)
MPRegen 0.08/turn               (no ring)

@: no status effects
A: horns 2, retaliatory headbutt
a: no special abilities


You were on level 2 of the Dungeon.
You visited 1 branch of the dungeon, and saw 2 of its levels.

You collected 60 gold pieces.

Inventory:

Hand Weapons
 a - a +0 war axe (weapon)
Armour
 b - a +0 scale mail (worn)
 c - a +0 buckler (worn)
Scrolls
 e - a scroll of summoning {unknown}
 f - a scroll of enchant armour {unknown}
 g - a scroll of torment {unknown}
Potions
 d - a potion of might


   Skills:
 + Level 4.2 Fighting
 * Level 3.3 Axes
 * Level 0.6 Throwing
 + Level 4.5 Armour
 + Level 0.1 Dodging
 - Level 4.0 Shields


You had 3 spell levels left.
You didn't know any spells.
Your spell library was empty.

Dungeon Overview and Level Annotations

Branches:
Dungeon (2/15)

Altars:

Annotations:
D:2 Natasha


Innate Abilities, Weirdness & Mutations

You have a pair of horns on your head.
You reflexively headbutt those who attack you in melee.


Message History

You closely miss Natasha.
The white imp grins evilly.
Natasha claws you.
You slash Natasha! Your headbutt misses Natasha.
Natasha is almost dead.
The white imp shouts, "Escape, thou mammering ditch-delivered cattle!"
Natasha stares at you and mumbles some strange words.
The magic dart hits you but does no damage.
The crimson imp blinks!
You barely miss Natasha.
Natasha is almost dead.
Natasha claws you. Natasha barely misses you.
You closely miss Natasha.
Natasha is almost dead.
Natasha casts a spell.
You hit Natasha but do no damage.
Natasha is almost dead.
You hit the crimson imp.
Natasha extends her claws.
Natasha stares at you and mumbles some strange words.
The magic dart hits you.
The crimson imp hits you but does no damage.
Natasha stares at you and mumbles some strange words.
The magic dart hits you.
* * * LOW HITPOINT WARNING * * *
You completely miss Natasha. You headbutt Natasha.
Natasha is almost dead.
You hit the crimson imp. The crimson imp closely misses you. Natasha claws you.
* * * LOW HITPOINT WARNING * * *
You closely miss Natasha.
Natasha is almost dead.
You hit the crimson imp but do no damage.
The crimson imp hits you but does no damage.
Natasha stares at you and mumbles some strange words.
The magic dart hits you.
* * * LOW HITPOINT WARNING * * *
The white imp puffs mist at you. The crimson imp barely misses you.
You furiously retaliate!
You headbutt the crimson imp. Natasha claws you.
You die...

.. #.# #..
... ###h###
.....#
#.#.#######.#
#...†55h@5(.#
#.#.#########
#.#.####
#......#
#...##.#
#.####.# #.#
#.#
#.####.###
#........#


You could see Natasha, 2 crimson imps and a white imp (summoned).

Vanquished Creatures
  Natasha (twice) (D:2)
  A worm (D:2)
  2 dart slugs (D:1)
  A ball python (D:1)
  A bat (D:1)
  An endoplasm (D:1)
  A giant cockroach (D:2)
  3 goblins (D:1)
  3 hobgoblins (D:1)
  A quokka (D:1)
  3 kobolds (D:1)
  2 rats
21 creatures vanquished.

Vanquished Creatures (others)
  3 fungi (D:1)
  2 plants (D:1)
5 creatures vanquished.

Grand Total: 26 creatures vanquished

Notes
Turn   | Place    | Note
-------+----------+-------------------------------------------
     0 | D:1      | MacFhionnlaigh the Minotaur Fighter began the quest for the
                  | Orb.
     0 | D:1      | Reached XP level 1. HP: 19/19 MP: 0/0
    58 | D:1      | You fall into a shaft and drop 1 floor!
   113 | D:1      | Reached XP level 2. HP: 27/27 MP: 1/1
   240 | D:1      | Found a faded altar of an unknown god.
   768 | D:2      | Noticed Natasha
   774 | D:2      | Killed Natasha
   775 | D:2      | Reached XP level 3. HP: 33/33 MP: 2/2
   824 | D:2      | Noticed Natasha
   830 | D:2      | Killed Natasha
   831 | D:2      | Reached XP level 4. HP: 36/40 MP: 3/3
   923 | D:2      | Noticed Natasha
   942 | D:2      | HP: 2/40 [Natasha/magic dart (4)]
   942 | D:2      | Slain by Natasha

Illustrated notes

Levels and vault maps discovered:
D:1:      co_arrival_square_in_a_square_in_a_square, layout_rooms,
          dreamdust_ecumenical_altar_grove, chequers_serial_rivers_small_a
D:2:      layout_loops_ring, kennysheep_generic_room_16, uniq_natasha,
          uniq_jessica

Skill      XL: |  1  2 |
---------------+-------+-----
Fighting       | 4 |  4.2
Armour         | 4 |  4.5
Shields        | 4 |  4.0
Axes           | 3 |  3.3
Throwing       | |  0.6
Dodging        | |  0.1

Action                   |  1- 3 |  4- 6 || total
-------------------------+-------+-------++-------
Melee: War axe           |    50 |    16 ||    66
       Headbutt          |     7 |     2 ||     9
Throw: Stone             |     4 |     3 ||     7
Armor: Scale mail        |    16 |     3 ||    19
Dodge: Dodged            |    16 |    11 ||    27
Block: Buckler           |     7 |       ||     7
